 Dungeon Crawl Stone Soup version 0.22-a0-396-g3f858e3 (webtiles) character file.

14238 raistware the Thaumaturge (level 11, -27/68 HPs)
             Began as a Mummy Wizard on May 3, 2018.
             Was a Priest of Vehumet.
             Hit by a large rock thrown by a cyclops (32 damage)
             ... on level 12 of the Dungeon.
             The game lasted 00:54:39 (14412 turns).

raistware the Thaumaturge (Mummy Wizard)           Turns: 14412, Time: 00:54:40

Health: -27/68     AC:  7    Str: 10    XL:     11   Next: 86%
Magic:  13/27      EV:  9    Int: 20    God:    Vehumet [***...]
Gold:   328        SH:  6    Dex: 12    Spells: 18/35 levels left

rFire    + . .     SeeInvis .   f - +2 short sword (venom)
rCold    + . .     Gourm    .   x - +0 shield {reflect}
rNeg     + + +     Faith    .   y - +1 robe "Damnable Contraption" {rC+}
rPois    ∞         Spirit   .   b - +0 hat
rElec    .         Reflect  +   w - +1 cloak
rCorr    .         Harm     .   t - +0 pair of gloves
MR       +....                  u - +0 pair of boots
Stlth    ++........             (no amulet)
HPRegen  0.21/turn              g - ring of fire
MPRegen  0.20/turn              s - ring of protection from fire

@: very slightly contaminated
A: no food or potions, fire vulnerability, cold resistance 1, negative energy
resistance 3, torment resistance, unbreathing
a: Renounce Religion


You were on level 12 of the Dungeon.
You worshipped Vehumet.
Vehumet was most pleased with you.
You were not hungry.

You visited 2 branches of the dungeon, and saw 13 of its levels.

You collected 736 gold pieces.
You spent 408 gold pieces at shops.

Inventory:

Hand Weapons
 f - a +2 short sword of venom (weapon)
Missiles
 a - 5 curare-tipped needles
 d - 21 tomahawks (quivered)
Armour
 b - a +0 hat (worn)
 t - a +0 pair of gloves (worn)
 u - a +0 pair of boots (worn)
 w - a +1 cloak (worn)
 x - a +0 shield of reflection (worn)
 y - the +1 robe "Damnable Contraption" (worn) {rC+}
   (You bought it in a shop on level 10 of the Dungeon)

   It protects you from cold.
Magical Staves
 p - an uncursed staff of cold
Jewellery
 g - a ring of fire (left hand)
 k - an uncursed ring of fire
 s - a ring of protection from fire (right hand)
Wands
 i - a wand of random effects (38)
 q - a wand of acid (3)
 v - a wand of paralysis (8)
Scrolls
 c - 4 scrolls of enchant armour
 e - 2 scrolls of enchant weapon {unknown}
 h - 5 scrolls of identify
 j - 3 scrolls of fear {unknown}
 l - 2 scrolls of noise {unknown}
 m - 2 scrolls of amnesia {unknown}
 n - 4 scrolls of remove curse
 o - 2 scrolls of immolation {unknown}
 r - 4 scrolls of teleportation {unknown}
 z - a scroll of magic mapping {unknown}
Miscellaneous
 A - a crystal ball of energy


   Skills:
 - Level 1.5 Dodging
 - Level 1.5 Stealth
 + Level 12.9 Spellcasting
 * Level 12.8 Conjurations
 - Level 1.0 Summonings
 - Level 1.0 Translocations
 + Level 3.1 Fire Magic


You had 18 spell levels left.
You knew the following spells:

 Your Spells              Type           Power        Failure   Level  Hunger
a - Magic Dart            Conj           ####         1%          1    N/A
b - Blink                 Tloc           N/A          34%         2    N/A
c - Call Imp              Summ           ###.....     34%         2    N/A
d - Conjure Flame         Conj/Fire      ######..     1%          3    N/A
e - Mephitic Cloud        Conj/Pois/Air  ####....     5%          3    N/A
f - Throw Flame           Conj/Fire      ######       1%          2    N/A
g - Fulminant Prism       Conj/Hex       #####.....   7%          4    N/A

Dungeon Overview and Level Annotations

Branches:
Dungeon (12/15)            Temple (1/1) D:7            Lair (0/6) D:9
    Orc: D:9-12

Altars:
Ashenzari
Cheibriados
Dithmenos
Elyvilon
Fedhas
Gozag
Hepliaklqana
Kikubaaqudgha
Makhleb
Nemelex Xobeh
Okawaru
Qazlal
Ru
Sif Muna
Trog
Uskayaw
Vehumet
Wu Jian
Xom
Yredelemnul
Zin
The Shining One

Shops:
D:6 !   D:8 =   D:9 [   D:10 *


Innate Abilities, Weirdness & Mutations

You do not eat or drink.
Your flesh is vulnerable to fire.
You are immune to poison.
Your flesh is cold resistant. (rC+)
You are immune to negative energy. (rN+++)
You are immune to unholy pain and torment.
You can survive without breathing.


Message History

You kill the two-headed ogre!
Vehumet accepts your kill.
You feel your power returning.
Your Fire Magic skill increases to level 3!
There is a stone staircase leading up here.
Things that are here:
a giant club x2
An orc comes into view. It is wielding a trident.
There is a stone staircase leading up here.
An orc is nearby!
Casting: Magic Dart (safe; 1% risk of failure)
Confirm with . or Enter, or press ? or * to list all spells.
Aiming: Magic Dart (safe; 1% risk of failure)
Press: ? - help, Shift-Dir - straight line, f - orc
Aim: an orc, wielding a trident The magic dart hits the orc.
The orc is heavily wounded.
A cyclops opens the door.
The cyclops throws a large rock.
The large rock hits you!!
You die...

#...# ...# .
...## .. #...#
... #...# ....
...####...#.....
......C'.........
....####@).......
#................
#...........####.
#.......(....#
#............#
#......o.....#
.............+
#....o..######
#.......#


You could see a cyclops, an orc warrior and an orc.

Vanquished Creatures
  A hydra (D:11)
  4 two-headed ogres
  An unseen horror (D:10)
  A cyclops (D:11)
  3 ugly things (D:11)
  Maurice (D:9)
  A queen bee (D:10)
  3 trolls
  A merfolk (D:10)
  A hippogriff (D:11)
  A spriggan (D:10)
  A wraith (D:11)
  5 yaks (D:11)
  A vampire (D:11)
  A wyvern (D:10)
  A hungry ghost (D:9)
  Grum (D:10)
  Menkaure (D:6)
  A steam dragon (D:10)
  Edmund (D:4)
  2 black bears
  3 orc warriors
  3 sky beasts
  4 ice beasts
  A phantom (D:5)
  5 ogres
  3 wolves (D:10)
  2 centaurs
  A crocodile (D:8)
  A big kobold (D:11)
  7 bullfrogs
  Blork the orc (D:6)
  A water moccasin zombie (D:4)
  5 scorpions
  A water moccasin skeleton (D:11)
  17 killer bees
  4 wights (D:8)
  3 electric eels (D:11)
  2 centaur zombies
  A crimson imp (D:10)
  5 hounds
  2 jellies (D:8)
  2 orc priests (D:10)
  5 orc wizards
  2 centaur skeletons
  An iguana (D:11)
  5 worker ants
  A killer bee zombie (D:8)
  10 adders
  A gnoll (D:1)
  A shadow imp (D:10)
  An adder skeleton (D:8)
  A worm (D:2)
  4 leopard geckos
  15 orcs
  4 goblins
  5 hobgoblins
  8 jackals
  7 quokkas
  A ball python (D:1)
  4 bats
  2 frilled lizards (D:2)
  11 kobolds
  A quokka zombie (D:5)
  3 rats
  2 fulminant prisms (D:12)
202 creatures vanquished.

Vanquished Creatures (collateral kills)
  Grinder (D:6)
  4 killer bees (D:10)
  A crimson imp (D:6)
6 creatures vanquished.

Vanquished Creatures (others)
  2 killer bees (D:10)
  An orc (D:10)
  5 fulminant prisms
8 creatures vanquished.

Grand Total: 216 creatures vanquished

Notes
Turn   | Place    | Note
-------+----------+-------------------------------------------
     0 | D:1      | raistware the Mummy Wizard began the quest for the Orb.
     0 | D:1      | Reached XP level 1. HP: 13/13 MP: 5/5
    52 | D:1      | Reached skill level 1 in Conjurations
   373 | D:1      | Reached XP level 2. HP: 7/19 MP: 0/7
   404 | D:1      | Learned a level 2 spell: Blink
   407 | D:1      | Learned a level 2 spell: Call Imp
  1189 | D:2      | Reached XP level 3. HP: 24/24 MP: 4/8
  1194 | D:2      | Learned a level 3 spell: Conjure Flame
  2180 | D:3      | Reached XP level 4. HP: 30/30 MP: 1/10
  2185 | D:3      | Learned a level 3 spell: Mephitic Cloud
  2822 | D:4      | Found a stormy altar of Qazlal.
  2963 | D:4      | Noticed Edmund
  3092 | D:4      | Killed Edmund
  3092 | D:4      | Reached skill level 5 in Spellcasting
  3092 | D:4      | Reached XP level 5. HP: 32/35 MP: 4/12
  3157 | D:4      | Found a hide-covered altar of Uskayaw.
  3159 | D:4      | Found a sacrificial altar of Ru.
  3184 | D:4      | Noticed an ogre
  3195 | D:4      | Killed an ogre
  3195 | D:4      | Reached XP level 6. HP: 41/41 MP: 8/13
  3477 | D:4      | Reached skill level 5 in Conjurations
  4071 | D:5      | Entered Level 5 of the Dungeon
  4071 | D:5      | Noticed a sky beast
  4081 | D:5      | Killed a sky beast
  4081 | D:5      | Reached XP level 7. HP: 30/46 MP: 11/15
  4984 | D:5      | Found a glowing silver altar of Zin.
  4984 | D:5      | Found an opulent altar of Gozag.
  5075 | D:5      | Found a shadowy altar of Dithmenos.
  5185 | D:6      | Found Qejadd's Distillery.
  5335 | D:6      | Noticed Grinder
  5418 | D:6      | Noticed Menkaure
  5472 | D:6      | Killed Menkaure
  5472 | D:6      | Reached XP level 8. HP: 52/52 MP: 1/18
  5626 | D:6      | Noticed Blork the orc
  5651 | D:6      | Killed Blork the orc
  6356 | D:6      | Paralysed by Grinder for 5 turns
  6361 | D:6      | Killed Grinder
  6589 | D:7      | Found a staircase to the Ecumenical Temple.
  6598 | Temple   | Entered the Ecumenical Temple
  6878 | Temple   | Became a worshipper of Vehumet
  7709 | D:7      | Found a bloodstained altar of Trog.
  7709 | D:7      | Found a deep blue altar of Sif Muna.
  8110 | D:8      | Found Etzom's Jewellery Emporium.
  8158 | D:8      | Noticed a two-headed ogre
  8548 | D:8      | Reached XP level 9. HP: 49/57 MP: 14/21
  9192 | D:8      | Noticed a troll
  9209 | D:8      | Killed a troll
  9438 | D:8      | Killed a two-headed ogre
  9685 | D:9      | Found an ancient bone altar of Kikubaaqudgha.
  9808 | D:9      | Found Kipife's Armour Shop.
  9831 | D:9      | Reached skill level 10 in Spellcasting
  9982 | D:9      | Reached * piety under Vehumet
  9982 | D:9      | Offered knowledge of Sting by Vehumet.
 10053 | D:9      | Reached skill level 10 in Conjurations
 10145 | D:9      | Found a staircase to the Lair.
 10231 | D:9      | Noticed Maurice
 10292 | D:9      | Killed Maurice
 10292 | D:9      | Reached XP level 10. HP: 43/63 MP: 6/24
 10597 | D:9      | Found a glowing golden altar of the Shining One.
 10753 | D:10     | Entered Level 10 of the Dungeon
 11025 | D:10     | Noticed Grum
 11060 | D:10     | Killed Grum
 11223 | D:10     | Offered knowledge of Shock by Vehumet.
 11227 | D:10     | Reached ** piety under Vehumet
 12227 | D:10     | Offered knowledge of Throw Flame by Vehumet.
 12320 | D:10     | Found Gauq's Assorted Antiques.
 12328 | D:10     | Bought a glowing shield for 232 gold pieces
 12328 | D:10     | Bought a fabulously ornate robe for 176 gold pieces
 12338 | D:10     | Identified the cursed +1 robe "Damnable Contraption" {rC+} (You bought it in a shop on level 10 of the Dungeon)
 12389 | D:10     | Killed an unseen horror
 12389 | D:10     | Reached XP level 11. HP: 40/68 MP: 19/26
 12632 | D:10     | Noticed a two-headed ogre
 12639 | D:10     | Killed a two-headed ogre
 12645 | D:10     | Learned a level 2 spell: Throw Flame
 12794 | D:11     | Noticed a cyan ugly thing
 12800 | D:11     | Killed a cyan ugly thing
 12851 | D:11     | Noticed a cyan ugly thing
 12880 | D:11     | Killed a cyan ugly thing
 12880 | D:11     | Reached skill level 1 in Summonings
 12880 | D:11     | Reached skill level 1 in Translocations
 12967 | D:11     | Noticed a two-headed ogre
 12991 | D:11     | Killed a two-headed ogre
 12991 | D:11     | Reached *** piety under Vehumet
 12991 | D:11     | Reached skill level 1 in Fire Magic
 13170 | D:11     | Noticed a four-headed hydra
 13317 | D:11     | Killed a four-headed hydra
 13317 | D:11     | Offered knowledge of Fulminant Prism by Vehumet.
 14267 | D:11     | Noticed a brown ugly thing
 14274 | D:11     | Learned a level 4 spell: Fulminant Prism
 14289 | D:11     | Killed a brown ugly thing
 14397 | D:12     | Noticed a two-headed ogre
 14405 | D:12     | HP: 3/68 [two-headed ogre/giant club (19)]
 14407 | D:12     | Killed a two-headed ogre
 14412 | D:12     | Hit by a large rock thrown by a cyclops

Vault maps used:
D:1:      dpeg_arrival_tiny_d, minmay_misc_feat_pillars
D:2:      serial_forest, infiniplex_forest_end_2, infiniplex_forest_corner_1,
          infiniplex_forest_fountain, infiniplex_forest_clump_small,
          infiniplex_forest_clump_long, infiniplex_forest_clump_double,
          infiniplex_forest_straight_2, infiniplex_forest_lined_4_way,
          infiniplex_forest_corner_2
D:3:      serial_glass, glass_columns_a, glass_columns_c, first_ration,
          dk_noncrumbling_4
D:4:      minitemple, kennysheep_mini, uniq_edmund
D:5:      grunt_temple_overflow_gold_and_silver, basic_altar
D:6:      serial_shops, nicolae_shop_trees, uniq_blork_the_orc, uniq_grinder,
          uniq_menkaure
D:7:      amethyst_overflow_temple_binary, minmay_temple_entry_overgrown
D:8:      serial_shops, shop
D:9:      overflow_temple_1_default, kiku_gazebo_pond_becter, lair_entry_dummy,
          serial_curves, eino_curves_02, eino_curves_01, eino_curves_02,
          serial_shops, kennysheep_mini_moat, uniq_maurice
D:10:     special_room, serial_shops, nicolae_shop_crystal,
          hangedman_stone_soup, uniq_grum
D:12:     hiddenorc1_lemuel, serial_glass, glass_columns_c, glass_columns_c
Temple:   oiseaux_autumnal_temple

Skill      XL: |  1  2  3  4  5  6  7  8  9 10 11 |
---------------+----------------------------------+-----
Conjurations   | 1 2 3 4 5 6 8 10 11 12 | 12.8
Spellcasting   | 5 7 8 10 11 12 | 12.9
Summonings     | 1 |  1.0
Translocations | 1 |  1.0
Fire Magic     | 3 |  3.1
Dodging        | |  1.5
Stealth        | |  1.5

Action                   |  1- 3 |  4- 6 |  7- 9 | 10-12 || total
-------------------------+-------+-------+-------+-------++-------
Melee: Short sword       |    20 |    20 |    94 |    79 ||   213
Throw: Tomahawk          |       |       |     8 |       ||     8
 Cast: Magic Dart        |    85 |    38 |   253 |   140 ||   516
       Mephitic Cloud    |       |     6 |    20 |    33 ||    59
       Conjure Flame     |       |     4 |    30 |    60 ||    94
       Call Imp          |       |       |    13 |     6 ||    19
       Blink             |       |       |     4 |       ||     4
       Throw Flame       |       |       |       |    36 ||    36
       Fulminant Prism   |       |       |       |     7 ||     7
Evoke: Wand              |       |       |     1 |     8 ||     9
  Use: Scroll            |     4 |       |       |     1 ||     5
 Stab: Confused          |       |     1 |     2 |     3 ||     6
       Sleeping          |       |       |     1 |     2 ||     3
Armor: Robe              |     5 |     3 |    13 |    31 ||    52
Dodge: Dodged            |    48 |    11 |    76 |    47 ||   182
Block: Shield            |       |       |       |    18 ||    18
       Reflection        |       |       |       |     2 ||     2

Table legend:
 A = Spawn XP
 B = Non-spawn XP
 C = Spawn XP percentage of total XP
 D = Spawn monster count
 E = Non-spawn monster count
 F = Spawn count percentage of total count
 G = Total turns spent on level
                    A         B        C        D         E        F      G
               +---------+---------+-------+---------+---------+-------+---------
         Total |       0 |   20340 |   0.0 |       0 |     208 |   0.0 | 14412
               +---------+---------+-------+---------+---------+-------+---------
           D:1 |       0 |      40 |   0.0 |       0 |      16 |   0.0 |  1182
           D:2 |       0 |      51 |   0.0 |       0 |      14 |   0.0 |   964
           D:3 |       0 |      53 |   0.0 |       0 |      10 |   0.0 |   548
           D:4 |       0 |     490 |   0.0 |       0 |       9 |   0.0 |  1377
           D:5 |       0 |     511 |   0.0 |       0 |      11 |   0.0 |  1364
           D:6 |       0 |     779 |   0.0 |       0 |      10 |   0.0 |  1001
           D:7 |       0 |     358 |   0.0 |       0 |       5 |   0.0 |  1036
           D:8 |       0 |    2093 |   0.0 |       0 |      20 |   0.0 |  1854
           D:9 |       0 |    1821 |   0.0 |       0 |      26 |   0.0 |  1118
          D:10 |       0 |    5948 |   0.0 |       0 |      49 |   0.0 |  1968
          D:11 |       0 |    7314 |   0.0 |       0 |      37 |   0.0 |  1676
          D:12 |       0 |     882 |   0.0 |       0 |       1 |   0.0 |    15
               +---------+---------+-------+---------+---------+-------+---------
